Map: Ascension to Aiur LE

Players

Breethan

  • Race: Protoss Protoss
  • League: Platinum
  • Spawn Location: 11:00

Trizztein - Winner!

  • Race: Terran Terran
  • Spawn Location: 5:00

VOD

Have the link to the VOD?

Description

À améliorer:
Libs 2x2 à partir beaucoup plus tôt! Permet le drop imba libs + bio dans la main du toss + super pour hold tout ce qui peut venir
CC3 il faut l'accélérer
Ne pas oublier CC4

Bravo les supplies
Bravo les upgrades

Time

  • Played on: Dec. 14, 2017, 9:02 p.m.
  • Length: 13:07
Show
View Real Time Build Order
Export as new Build Order

Breethan Protoss 

Build Orders: 1 Gate Expand 

Get SALT Encoding   

  12  0:00  Probe  
  13  0:13  Probe  
  14  0:19  Pylon  
  14  0:25  Probe  
  15  0:38  Gateway  
  15  0:39  Probe  
  16  0:46  Assimilator  
  16  0:51  Probe  
  17  1:03  Probe  
  18  1:15  Probe  
  19  1:27  Nexus  
  19  1:40  Cybernetics Core  
  19  1:43  Probe  
  20  1:55  Probe  
  20  2:15  Pylon  
  20  2:17  Assimilator  
  20  2:18  Stalker (Chrono Boost)  
  20  2:20  Warp Gate  
  20  2:21  Probe  
  23  2:33  Probe  
  24  2:38  Stalker  
  24  2:43  Probe  
  27  2:45  Probe  
  28  2:58  Probe  
  28  2:59  Robotics Facility, Probe  
  30  3:10  Probe  
  30  3:11  Probe, Pylon  
  32  3:23  Probe x2  
  32  3:25  Stalker  
  36  3:37  Probe, Twilight Council  
  36  3:38  Probe  
  38  3:43  Pylon  
  38  3:47  Observer (Chrono Boost)  
  39  3:49  Probe  
  39  3:53  Probe  
  41  4:01  Probe  
  42  4:03  Stalker  
  44  4:14  Probe x2  
  44  4:16  Warp Prism (Chrono Boost)  
  48  4:23  Gateway  
  48  4:25  Gateway  
  48  4:26  Gateway  
  48  4:30  Blink (Chrono Boost)  
  48  4:34  Probe x2  
  50  4:45  Shield Battery  
  50  4:46  Probe x2, Observer  
  52  4:58  Probe x2, Assimilator  
  54  5:00  Pylon  
  54  5:16  Shield Battery, Probe x2  
  54  5:20  Pylon  
  56  5:34  Stalker  
  56  5:35  Stalker x3  
  50  6:01  Stalker x4  
  45  6:11  Probe (Chrono Boost)  
  44  6:12  Probe (Chrono Boost)  
  46  6:21  Probe x2 (Chrono Boost)  
  46  6:31  Gateway  
  46  6:33  Gateway  
  46  6:36  Probe x2, Pylon  
  46  6:37  Immortal (Chrono Boost)  
  52  6:40  Stalker x4  
  52  6:43  Pylon  
  60  6:48  Probe x2  
  62  6:57  Templar Archives, Forge  
  62  7:00  Probe x2  
  64  7:07  Stalker  
  66  7:10  Stalker  
  64  7:31  Stalker, Sentry  
  64  7:32  Stalker  
  64  7:47  Photon Cannon  
  64  7:50  Photon Cannon  
  64  7:52  Photon Cannon  
  64  7:58  Photon Cannon  
  64  8:02  Charge (Chrono Boost)  
  64  8:13  Protoss Ground Weapons Level 1 (Chrono Boost)  
  64  8:17  Stalker, Assimilator  
  66  8:34  Probe x2  
  68  8:35  Stalker x3  
  74  9:01  Nexus  
  74  9:03  Probe x2, Pylon  
  76  9:12  Forge  
  77  9:24  Probe x2  
  77  9:30  Stalker x2, Psionic Storm  
  77  9:31  Stalker x3  
  86  9:36  Probe  
  89  9:57  Stalker x3  
  89  9:59  Probe x2  
  97  10:11  Probe x2  
  99  10:17  Pylon  
  99  10:21  Pylon  
  99  10:23  Probe  
  100  10:29  Stalker x3  
  100  10:35  Probe x2  
  108  10:36  Probe  
  108  10:38  Protoss Ground Weapons Level 2 (Chrono Boost)  
  109  10:43  Protoss Ground Armor Level 1 (Chrono Boost)  
  109  10:51  Stalker x2  
  101  11:11  Pylon  
  101  11:15  Pylon  
  101  11:21  Zealot x3  
  107  11:28  Shield Battery  
  107  11:29  Shield Battery  
  107  11:31  Pylon  
  107  11:33  Zealot x3, Pylon  
  111  11:42  Probe x3  
  111  11:44  Stalker x3  
  110  11:48  Shield Battery  
  110  11:50  Shield Battery  
  103  12:02  Stalker x2  
  103  12:03  Stalker  
  61  12:24  Pylon  
  61  12:25  Pylon  
  49  12:31  Pylon  
  49  12:33  Stalker x3  
  51  12:59  Stalker  
  51  13:00  Stalker x2  
Show
View Real Time Build Order
Export as new Build Order

Trizztein Terran - Winner!

Build Orders: Reaper Expand, MMM Bio 

Get SALT Encoding   

  12  0:00  SCV  
  13  0:13  SCV  
  14  0:18  Supply Depot  
  14  0:25  SCV  
  15  0:40  SCV  
  15  0:42  Barracks  
  16  0:46  Refinery  
  16  0:52  SCV  
  17  1:04  SCV  
  18  1:16  SCV  
  19  1:31  Reaper, Orbital Command  
  20  1:50  Command Center  
  20  1:58  SCV  
  21  2:08  Barracks  
  21  2:09  Barracks Reactor  
  21  2:15  SCV  
  22  2:18  Supply Depot  
  22  2:27  SCV  
  23  2:30  Refinery  
  23  2:34  Engineering Bay  
  23  2:40  SCV  
  24  2:46  Marine x2  
  26  2:52  SCV  
  27  2:58  Barracks Tech Lab  
  27  3:00  Terran Infantry Weapons Level 1  
  27  3:03  Orbital Command  
  27  3:04  SCV  
  28  3:16  SCV  
  28  3:19  Barracks, Stimpack  
  29  3:21  Marine x2  
  29  3:23  Marine  
  32  3:28  SCV  
  33  3:35  Refinery  
  33  3:36  SCV  
  33  3:40  Supply Depot  
  37  3:41  SCV, Marauder  
  37  3:45  Marine  
  37  3:48  SCV  
  38  3:53  SCV, Bunker  
  38  3:54  Marine  
  40  4:00  SCV  
  41  4:03  Supply Depot  
  41  4:08  Barracks Tech Lab  
  41  4:11  SCV, Factory  
  41  4:13  SCV  
  41  4:16  Marine  
  44  4:17  Marine  
  44  4:19  Marine  
  44  4:23  SCV  
  47  4:25  SCV  
  47  4:27  Combat Shields  
  47  4:29  Marauder  
  50  4:32  Supply Depot  
  50  4:36  SCV  
  50  4:38  SCV  
  52  4:40  Marine x2  
  54  4:46  Marine  
  54  4:48  SCV  
  54  4:50  SCV, Marine  
  54  4:51  Refinery  
  58  4:56  Supply Depot  
  58  4:58  Factory Reactor  
  58  5:00  Starport, SCV  
  58  5:02  SCV  
  60  5:12  SCV  
  62  5:14  SCV  
  62  5:17  Marine x3  
  62  5:18  Marauder  
  62  5:19  Terran Infantry Armor Level 1  
  67  5:24  SCV  
  67  5:25  Supply Depot  
  67  5:26  Supply Depot  
  67  5:28  SCV, Liberator  
  69  5:33  Missile Turret  
  69  5:36  SCV, Marauder  
  69  5:37  Hellion x2  
  74  5:54  Marine x3  
  74  5:55  SCV  
  74  5:57  Marine  
  72  6:01  SCV  
  66  6:07  SCV  
  61  6:11  Marine x2  
  61  6:13  SCV  
  64  6:19  SCV  
  65  6:25  SCV  
  65  6:31  SCV  
  67  6:33  Factory Reactor  
  67  6:38  SCV, Command Center  
  68  6:43  SCV  
  68  6:47  Supply Depot, Marine x2  
  69  6:48  Marauder x2  
  69  6:50  SCV  
  69  6:53  Barracks x2  
  76  6:54  Medivac  
  76  6:55  SCV  
  79  7:02  SCV  
  79  7:05  Refinery  
  79  7:07  SCV  
  79  7:12  Armory  
  79  7:14  Supply Depot, Engineering Bay  
  79  7:15  Marine  
  80  7:24  SCV  
  80  7:28  Medivac x2, Marine x2  
  80  7:29  Widow Mine  
  89  7:37  Supply Depot  
  89  7:42  Barracks Reactor, Barracks Tech Lab  
  86  7:45  SCV  
  87  7:58  Supply Depot  
  87  7:59  Terran Infantry Weapons Level 2, Terran Infantry Armor Level 2  
  87  8:02  Supply Depot  
  87  8:03  Marauder x2  
  91  8:10  Marine x3  
  94  8:14  SCV  
  94  8:15  SCV  
  94  8:18  Orbital Command  
  96  8:21  Marine  
  96  8:24  Medivac, Marine  
  96  8:27  SCV x2  
  102  8:35  Marine x3  
  102  8:36  Marauder  
  102  8:39  SCV  
  108  8:43  Refinery  
  108  8:44  Marauder  
  108  8:47  Refinery  
  111  8:48  SCV x2  
  111  8:52  Bunker  
  111  8:54  Marine x5  
  117  8:56  Missile Turret  
  117  8:57  Marine  
  117  8:59  Missile Turret  
  118  9:03  Widow Mine x2  
  118  9:05  Marine  
  124  9:12  Marine x4  
  124  9:14  Marine  
  124  9:15  Marine  
  129  9:19  Barracks x2  
  129  9:21  Barracks  
  129  9:23  Marauder  
  131  9:28  Terran Vehicle Weapons Level 1  
  131  9:29  Marine  
  131  9:30  Marine x3  
  135  9:32  Widow Mine, Marine  
  135  9:33  Marine  
  139  9:44  Marine  
  140  9:45  Liberator x2  
  140  9:46  SCV  
  140  9:47  Marine x3  
  140  9:48  Marine  
  140  9:50  Marine x2  
  135  10:01  Widow Mine x2  
  135  10:02  Marine  
  135  10:05  Marine x3  
  149  10:12  Barracks Tech Lab x2  
  149  10:13  Barracks Reactor  
  149  10:17  Ghost Academy  
  149  10:29  Terran Infantry Weapons Level 3  
  149  10:30  Terran Infantry Armor Level 3  
  149  10:39  Starport  
  149  10:51  Marine  
  149  10:52  Liberator x2, Marine x2  
  149  11:00  Marine x2  
  149  11:07  Marine x2  
  149  11:09  Marine  
  149  11:27  Supply Depot, Widow Mine x2, Marine x7  
  149  11:28  Starport Reactor, Supply Depot, Marine x4  
  149  11:32  Supply Depot  
  164  11:35  Liberator x2  
  162  11:45  Marine x7  
  162  11:46  Marine x3  
  161  11:51  Marine  
  161  11:54  Liberator x2  
  164  11:55  Widow Mine  
  164  11:56  Widow Mine  
  164  12:02  Marine x4  
  164  12:03  Marine x5  
  164  12:04  Marine  
  166  12:09  Marine  
  156  12:20  Marine x4  
  156  12:21  Marine x6  
  158  12:27  Marine  
  160  12:38  Supply Depot, Marine x4  
  164  12:47  Marine x7  
Tags
 
Add a new tag
Caveats
  • Supply blocks, unpowered buildings, or Contaminate may cause inaccurate times.
  • Supply counts are checked every 10 seconds.